 Dungeon Sprint DCSS version 0.29.1-2-gbd0b4ee654 (webtiles) character file.

Game seed: 13699909357908735632

17199 Zeld the Executioner (level 12, -11/125 HPs)
             Began as a Minotaur Berserker on Oct 25, 2022.
             Was the Champion of Trog.
             Killed from afar by a spriggan druid (34 damage)
             ... with a stone arrow
             ... in the Dungeon (Sprint IV: "Fedhas' Mad Dash").
             The game lasted 00:11:47 (8202 turns).

Zeld the Executioner (Minotaur Berserker)           Turns: 8202, Time: 00:11:47

Health: -11/125    AC: 25    Str: 27    XL:     12   Next: 16%
Magic:  11/11      EV: 13    Int:  6    God:    Trog [******]
Gold:   21         SH:  0    Dex: 10    Spells: 11/11 levels left

rFire   . . .      SeeInvis .   a - +5 executioner's axe (flame)
rCold   . . .      Faith    .   (shield currently unavailable)
rNeg    . . .      Spirit   .   b - +8 plate armour "Suatz" {Int+2}
rPois   .          Reflect  .   (helmet restricted)
rElec   .          Harm     .   (no cloak)
rCorr   .          Rampage  .   (no gloves)
Will    .....      NoTele   +   (no boots)
Stlth   ..........              j - amulet of invisibility {+Inv}
HPRegen 0.30/turn               (no ring)
MPRegen 0.12/turn               (no ring)

@: lethally poisoned (-11 -> -33)
A: horns 2, retaliatory headbutt
a: Renounce Religion, Evoke Invisibility, Berserk, Trog's Hand, Brothers in Arms


You were in the Dungeon.
You worshipped Trog.
Trog was exalted by your worship.
You visited 1 branch You collected 482 gold pieces.
You spent 461 gold pieces at shops.

Inventory:

Hand Weapons
 a - a +5 executioner's axe of flaming (weapon)
Armour
 b - the +8 plate armour "Suatz" (worn) {Int+2}
   (You found it in the Dungeon)

   Int:       It affects your intelligence (+2).
Jewellery
 j - the amulet of invisibility (around neck) {+Inv}
   (You found it in the Dungeon)

   [amulet of nothing]

   +Inv:      It lets you turn invisible.
 k - the amulet "Emittug" {Reflect rElec rC+ Will+ Dex-5 SH+5}
   (You found it in the Dungeon)

   [amulet of reflection]

   It reflects blocked missile attacks.
   Dex:       It affects your dexterity (-5).
   rC:        It protects you from cold.
   rElec:     It insulates you from electricity.
   SH:        It affects your SH (+5).
   Will:      It increases your willpower.
Wands
 h - a wand of light (11)
Scrolls
 c - 2 scrolls of poison
 i - a scroll of vulnerability {unknown}
 n - 2 scrolls of blinking
 o - a scroll of fear
Potions
 e - a potion of haste
 f - 2 potions of magic
 g - a potion of berserk rage
 l - a potion of curing
 m - a potion of lignification {unknown}
 q - a potion of attraction {unknown}
 r - a potion of mutation
Miscellaneous
 d - a phial of floods


   Skills:
 + Level 17.2 Fighting
 * Level 23.2 Axes
 + Level 17.0 Armour
 + Level 15.7 Dodging


You had 11 spell levels left.
You didn't know any spells.
Your spell library was empty.

Dungeon Overview and Level Annotations

Branches:
Dungeon (1/1)

Altars:
Cheibriados
Dithmenos
Elyvilon
Gozag
Hepliaklqana
Kikubaaqudgha
Makhleb
Nemelex Xobeh
Okawaru
Qazlal
Ru
Sif Muna
Trog
Uskayaw
Vehumet
Wu Jian
Xom
Yredelemnul
Zin
The Shining One
Jiyva
Lugonu

Shops:
D *?:=(*[!!!?=(*[[[=*[[


Innate Abilities, Weirdness & Mutations

You have a pair of horns on your head.
You reflexively headbutt those who attack you in melee.


Message History

There is an entrance to Nam Fuef's Weapon Shoppe here.
There is an entrance to Yzuh's Distillery here.
There is an open door here.
There is an open door here. 2 spriggan defenders come into view.
A spriggan defender is wielding a +0 demon whip of venom.
A spriggan defender is wielding a +4 lajatang of electrocution.
The spriggan defender shouts! x2
A spriggan druid comes into view. It is wielding a +0 quarterstaff.
The spriggan druid shouts!
The spriggan defender hits you with a +4 lajatang of electrocution!
You miss the spriggan defender.
Unknown command.
You completely miss the spriggan defender.
You headbutt the spriggan defender!
The spriggan defender is lightly wounded.
You barely miss the spriggan defender.
The spriggan defender hits you with a +4 lajatang of electrocution.
You are electrocuted!
The spriggan defender hits you with a +0 demon whip of venom!
You are poisoned.
The spriggan druid casts a spell.
The forest starts to sway and rumble!
You closely miss the spriggan defender.
Your headbutt misses the spriggan defender.
The spriggan defender is lightly wounded.
You slice the spriggan defender!! You burn the spriggan defender!
You feel sick.
You feel roots moving beneath the ground.
A tree reaches out and hits you!
The spriggan defender hits you with a +4 lajatang of electrocution.
You miss the spriggan defender.
The spriggan defender is heavily wounded.
You miss the spriggan defender.
You feel sick.
The spriggan defender hits you with a +4 lajatang of electrocution!!
The spriggan defender hits you with a +0 demon whip of venom!!
* * * LOW HITPOINT WARNING * * *
You are more poisoned.
The spriggan druid gestures at you while chanting.
The stone arrow hits you!!
You die...

.)##.....)'.#
..†......:###
##############
#............#########
'...).....)..'.......#
#............#######.#
############## #####.#
♣..♣..♣i.♣..#
.....i.@....#
♣..♣..♣i.♣..# ##
#######


You could see 2 spriggan defenders and a spriggan druid.

Vanquished Creatures
  Agnes (D)
  A ghost moth (D)
  A spriggan defender (D)
  A spriggan berserker (D)
  A spriggan druid (D)
  23 oklob plants (D)
  3 demonic crawlers (D)
  3 burning bushes (D)
  A queen bee (D)
  6 hornets (D)
  3 wandering mushrooms (D)
  4 scorpions (D)
  4 killer bees (D)
  5 oklob saplings (D)
  6 spriggans (D)
  A river rat (D)
  A rat (D)
  2 ballistomycete spores (D)
  2 bushes (D)
69 creatures vanquished.

Vanquished Creatures (collateral kills)
  A spriggan berserker (D)
  2 spriggans (D)
3 creatures vanquished.

Vanquished Creatures (others)
  2 bushes (D)
  12 fungi (D)
14 creatures vanquished.

Grand Total: 86 creatures vanquished

Notes
Turn   | Place    | Note
-------+----------+-------------------------------------------
     0 | D        | Zeld the Minotaur Berserker began the quest for the Orb.
     0 | D        | Reached XP level 1. HP: 19/19 MP: 0/0
    23 | D        | Reached skill level 4 in Axes
    23 | D        | Reached XP level 2. HP: 26/27 MP: 1/1
   256 | D        | Noticed an oklob sapling
   257 | D        | Noticed a scorpion
   258 | D        | Killed an oklob sapling
   258 | D        | Reached ** piety under Trog
   259 | D        | Reached skill level 6 in Axes
   259 | D        | Reached XP level 3. HP: 35/35 MP: 2/2
   262 | D        | Killed a scorpion
   263 | D        | Reached skill level 5 in Fighting
   263 | D        | Reached skill level 7 in Axes
   263 | D        | Reached skill level 5 in Armour
   263 | D        | Reached XP level 4. HP: 44/44 MP: 3/3
   488 | D        | Found the amulet of invisibility {+Inv}
  1154 | D        | Found an opulent altar of Gozag.
  1154 | D        | Found a hazy altar of Hepliaklqana.
  1154 | D        | Found a burning altar of Makhleb.
  1154 | D        | Found a sparkling altar of Nemelex Xobeh.
  1154 | D        | Found a snail-covered altar of Cheibriados.
  1154 | D        | Found a sacrificial altar of Ru.
  1154 | D        | Found a shimmering blue altar of Sif Muna.
  1154 | D        | Found a shimmering altar of Xom.
  1154 | D        | Found a basalt altar of Yredelemnul.
  1157 | D        | Found a viscous altar of Jiyva.
  1157 | D        | Found a bloodstained altar of Trog.
  1157 | D        | Found an ornate altar of the Wu Jian Council.
  1158 | D        | Found an iron altar of Okawaru.
  1158 | D        | Found a shadowy altar of Dithmenos.
  1158 | D        | Found a glowing silver altar of Zin.
  1159 | D        | Found an ancient bone altar of Kikubaaqudgha.
  1159 | D        | Found a hide-covered altar of Uskayaw.
  1160 | D        | Found a stormy altar of Qazlal.
  1160 | D        | Found a white marble altar of Elyvilon.
  1160 | D        | Found a glowing golden altar of the Shining One.
  1161 | D        | Found a radiant altar of Vehumet.
  1161 | D        | Found a corrupted altar of Lugonu.
  1175 | D        | Reached skill level 8 in Axes
  1175 | D        | Reached skill level 5 in Dodging
  1175 | D        | Reached XP level 5. HP: 34/51 MP: 2/4
  1439 | D        | Reached skill level 9 in Axes
  1468 | D        | Reached *** piety under Trog
  1475 | D        | Reached skill level 10 in Axes
  1475 | D        | Reached XP level 6. HP: 30/61 MP: 5/5
  1871 | D        | Found Noqavi's Armour Shop.
  1871 | D        | Found Tanyfubb's General Store.
  1875 | D        | Bought a potion of mutation for 88 gold pieces
  1878 | D        | Noticed a burning bush
  1878 | D        | Noticed a wandering mushroom
  1879 | D        | Noticed a wandering mushroom
  1951 | D        | Reached skill level 11 in Axes
  2280 | D        | Killed a wandering mushroom
  2281 | D        | Reached XP level 7. HP: 69/69 MP: 6/6
  2282 | D        | Killed a burning bush
  2282 | D        | Reached **** piety under Trog
  2283 | D        | Reached skill level 12 in Axes
  2335 | D        | Found Kepluw's Assorted Antiques.
  2335 | D        | Found Gufatuc's Jewellery Shoppe.
  2386 | D        | Reached skill level 13 in Axes
  2456 | D        | Noticed a queen bee
  2471 | D        | Killed a queen bee
  2472 | D        | Reached skill level 10 in Fighting
  2472 | D        | Reached XP level 8. HP: 79/79 MP: 5/7
  2472 | D        | Reached ***** piety under Trog
  2474 | D        | Reached skill level 10 in Armour
  2619 | D        | Noticed an oklob plant
  2636 | D        | Killed an oklob plant
  2637 | D        | Reached skill level 14 in Axes
  2965 | D        | Noticed a burning bush
  2975 | D        | Killed a burning bush
  2976 | D        | Reached skill level 15 in Axes
  2976 | D        | Reached skill level 10 in Dodging
  3099 | D        | Noticed a burning bush
  3099 | D        | Noticed an oklob plant
  3248 | D        | Noticed a wandering mushroom
  3260 | D        | Killed a burning bush
  3261 | D        | Reached XP level 9. HP: 73/89 MP: 6/8
  3262 | D        | Killed a wandering mushroom
  3348 | D        | Killed an oklob plant
  3349 | D        | Reached skill level 16 in Axes
  3595 | D        | Noticed a spriggan druid
  3602 | D        | Killed a spriggan druid
  3603 | D        | Reached skill level 17 in Axes
  3751 | D        | Noticed an oklob plant conjurer
  3755 | D        | Killed an oklob plant conjurer
  3755 | D        | Received a gift from Trog
  3822 | D        | Noticed Agnes
  3830 | D        | Killed Agnes
  3831 | D        | Reached skill level 18 in Axes
  3831 | D        | Reached XP level 10. HP: 101/101 MP: 9/9
  3835 | D        | Noticed a spriggan berserker
  3842 | D        | Killed a spriggan berserker
  4007 | D        | Found Hosaom's Armour Emporium.
  4009 | D        | Found Gisot's Antique Armour Shoppe.
  4011 | D        | Noticed a spriggan defender
  4022 | D        | Killed a spriggan defender
  4253 | D        | Noticed an oklob plant
  4257 | D        | Noticed an oklob plant summoner
  4258 | D        | Noticed an oklob plant shifter
  4265 | D        | Killed an oklob plant
  4266 | D        | Reached skill level 19 in Axes
  4305 | D        | Killed an oklob plant shifter
  4307 | D        | Killed an oklob plant summoner
  4333 | D        | Noticed a spriggan rider
  4605 | D        | Found Nirogekh's Antique Armour Emporium.
  4609 | D        | Found Zatalou's Armour Shoppe.
  4667 | D        | Reached skill level 20 in Axes
  4891 | D        | Reached XP level 11. HP: 98/111 MP: 10/10
  4943 | D        | Noticed a spriggan rider
  4952 | D        | Reached skill level 15 in Fighting
  4958 | D        | Received a gift from Trog
  4965 | D        | Killed a ghost moth
  4966 | D        | Reached skill level 15 in Armour
  5344 | D        | Noticed an oklob plant meteorologist
  5345 | D        | Found Istras's Book Emporium.
  5345 | D        | Found Lacyuh's Magic Scroll Boutique.
  5345 | D        | Found Loysalur's Assorted Antiques.
  5376 | D        | Bought a scroll of blinking for 105 gold pieces
  5376 | D        | Bought a scroll of fear for 56 gold pieces
  5376 | D        | Bought a scroll of identify for 28 gold pieces
  5377 | D        | Bought a murky silvery potion for 19 gold pieces
  5800 | D        | Noticed an oklob plant shifter
  5805 | D        | Killed an oklob plant meteorologist
  5957 | D        | Reached skill level 21 in Axes
  5973 | D        | Killed an oklob plant shifter
  6182 | D        | Noticed a spriggan rider
  6563 | D        | Found Nam Fuef's Weapon Shoppe.
  6563 | D        | Found Eqieker's General Store.
  6563 | D        | Found Uvaocvy's Jewellery Shop.
  6564 | D        | Found Dats's Distillery.
  6564 | D        | Found Didim Jin's Antique Armour Shoppe.
  6565 | D        | Found Yzuh's Distillery.
  6565 | D        | Found Zatsy's Magic Scroll Shop.
  6565 | D        | Found Faxu's Distillery.
  6567 | D        | Noticed an oklob plant
  6568 | D        | Noticed an oklob plant
  6575 | D        | Noticed an oklob plant
  6576 | D        | Noticed an oklob plant
  6578 | D        | Noticed an oklob plant
  6861 | D        | Noticed an oklob plant summoner
  6862 | D        | Found Ecu Bups's Jewellery Emporium.
  7047 | D        | Found Kuicheni's Antique Weapon Shop.
  7052 | D        | Killed an oklob plant summoner
  7055 | D        | Noticed an oklob plant annihilator
  7056 | D        | Noticed an oklob plant demonologist
  7056 | D        | Noticed a spriggan berserker
  7064 | D        | Killed a spriggan berserker
  7064 | D        | Reached ****** piety under Trog
  7120 | D        | Killed an oklob plant demonologist
  7120 | D        | Received a gift from Trog
  7124 | D        | Killed an oklob plant annihilator
  7135 | D        | Identified the +8 plate armour "Suatz" {Int+2}
  7151 | D        | Identified the amulet "Emittug" {Reflect rElec rC+ Will+
                  | Dex-5 SH+5}
  7212 | D        | Noticed an oklob plant
  7213 | D        | Noticed an oklob plant
  7215 | D        | Killed an oklob plant
  7216 | D        | Reached skill level 22 in Axes
  7216 | D        | Noticed an oklob plant
  7217 | D        | Killed an oklob plant
  7218 | D        | Noticed an oklob plant
  7219 | D        | Noticed an oklob plant
  7222 | D        | Killed an oklob plant
  7223 | D        | Reached skill level 15 in Dodging
  7223 | D        | Killed an oklob plant
  7224 | D        | Noticed an oklob plant
  7228 | D        | Killed an oklob plant
  7228 | D        | Received a gift from Trog
  7229 | D        | Noticed an oklob plant
  7697 | D        | Killed an oklob plant
  7698 | D        | Killed an oklob plant
  7699 | D        | Reached XP level 12. HP: 82/124 MP: 9/11
  8013 | D        | Reached skill level 23 in Axes
  8020 | D        | Received a gift from Trog
  8135 | D        | Bought a scroll of blinking for 165 gold pieces
  8196 | D        | Noticed a spriggan defender
  8196 | D        | Noticed a spriggan defender
  8202 | D        | Killed from afar by a spriggan druid

Illustrated notes

Levels and vault maps discovered:
D:        dungeon_sprint_fedhas [sprint_temple]

Skill      XL: |  1  2  3  4  5  6  7  8  9 10 11 12 |
---------------+-------------------------------------+-----
Fighting       | 4 5 6 7 8 10 11 13 14 16 17 | 17.2
Axes           | 4 6 7 8 10 11 13 15 18 20 22 23 | 23.2
Armour         | 3 4 5 7 8 9 11 13 14 16 17 | 17.0
Dodging        | 3 4 5 6 7 9 10 12 13 15 | 15.7

Action                   |  1- 3 |  4- 6 |  7- 9 | 10-12 || total
-------------------------+-------+-------+-------+-------++-------
Melee: Hand axe          |    18 |    41 |    71 |       ||   130
       Headbutt          |     1 |    12 |    22 |    22 ||    57
       Battleaxe         |       |       |     5 |    84 ||    89
       Punch             |       |       |     1 |       ||     1
       Executioner's axe |       |       |       |    34 ||    34
Invok: Berserk           |     1 |     5 |     7 |     5 ||    18
       Brothers in Arms  |       |       |       |     3 ||     3
       Trog's Hand       |       |       |       |     1 ||     1
 Abil: Evoke Invisibilit |       |     2 |     6 |    14 ||    22
  Use: Potion            |       |     1 |       |     1 ||     2
       Scroll            |       |     1 |       |     1 ||     2
 Stab: Sleeping          |       |     1 |       |       ||     1
       Invisible         |       |     1 |    13 |    17 ||    31
Armor: Animal skin       |     1 |       |       |       ||     1
       Chain mail        |       |     5 |    10 |    46 ||    61
       Plate armour      |       |       |       |     1 ||     1
Dodge: Dodged            |     8 |    16 |    19 |    47 ||    90
